 Dungeon Crawl Stone Soup version 0.20.1-1-g8b1a95d (webtiles) character file.

21756 Irenicus the Severer (level 12, -6/97 HPs)
             Began as a Deep Dwarf Berserker on Nov 10, 2017.
             Was a Priest of Trog.
             Engulfed by a cloud of flame (12 damage)
             ... on level 15 of the Dungeon.
             The game lasted 00:49:17 (4896 turns).

Irenicus the Severer (Deep Dwarf Berserker)         Turns: 4896, Time: 00:49:18

Health: -6/97      AC: 17    Str: 23    XL:     12   Next: 57%
Magic:  3/3        EV: 24    Int: 13    God:    Trog [***...]
Gold:   381        SH:  0    Dex: 26    Spells: 11/11 levels left

rFire    . . .     SeeInvis .   T - +7 battleaxe "Muklini" {antimagic, +Fly MR++ Int+6}
rCold    + . .     Gourm    .   (shield currently unavailable)
rNeg     . . .     Faith    .   U - +3 ring mail of the Vestibule of Hell {rPois Dex+3}
rPois    +         Spirit   .   k - +2 hat
rElec    .         Reflect  .   c - +0 cloak
rCorr    +         Harm     .   (no gloves)
MR       +++++                  n - +2 pair of boots
Stlth    ++........             (no amulet)
Regen    1.0/turn               q - ring of resist corrosion
MPRegen  0.1/turn               F - ring of the Furies {rPois Dex+2}

@: agile, berserk cooldown, non-regenerating, slowed, very slow
A: damage resistance, heal wounds, cold resistance 1, mutation resistance 1,
sense surroundings 3, no regeneration
a: Heal Wounds, Berserk, Trog's Hand, Burn Spellbooks, Renounce Religion, Evoke
Flight


You were on level 15 of the Dungeon.
You worshipped Trog.
Trog was most pleased with you.
You were hungry.

You visited 2 branches of the dungeon, and saw 16 of its levels.
You also visited: Labyrinth.

You collected 402 gold pieces.
You spent 21 gold pieces at shops.

Inventory:

Hand Weapons
 b - the +1 hand axe of Exquisite Death {drain, rF- Str+5 Int+2}
   (You found it on level 4 of the Dungeon)

   A truly terrible weapon, it drains the life of those it strikes.
   It affects your strength (+5).
   It affects your intelligence (+2).
   It makes you vulnerable to fire.
 d - a +0 hand axe
 K - the +8 trident "Seigi" {flame, rN+ MR+ Str+3 SInv}
   (You found it on level 14 of the Dungeon)

   It has been specially enchanted to burn those struck by it, causing extra
   injury to most foes and up to half again as much damage against particularly
   susceptible opponents.
   It affects your strength (+3).
   It protects you from negative energy.
   It affects your resistance to hostile enchantments.
   It lets you see invisible.
 M - a +1 broad axe of chopping
 T - the +7 battleaxe "Muklini" (weapon) {antimagic, +Fly MR++ Int+6}
   (You found it in a labyrinth)

   It reduces the magical energy of the wielder, and disrupts the spells and
   magical abilities of those hit.
   Natural abilities and divine invocations are not affected.
   It affects your intelligence (+6).
   It affects your resistance to hostile enchantments.
   It lets you fly.
Armour
 a - quicksilver dragon scales
 c - a +0 cloak (worn)
 k - a +2 hat (worn)
 n - a +2 pair of boots (worn)
 U - the +3 ring mail of the Vestibule of Hell (worn) {rPois Dex+3}
   (You found it in a labyrinth)

   It affects your dexterity (+3).
   It protects you from poison.
Magical Staves
 m - an uncursed staff of energy
 V - an uncursed staff of conjuration {unknown}
Jewellery
 q - a ring of resist corrosion (left hand)
 E - an uncursed ring of stealth
 F - the ring of the Furies (right hand) {rPois Dex+2}
   (You found it in a labyrinth)

   [ring of poison resistance]

   It affects your dexterity (+2).
   It protects you from poison.
 J - an uncursed ring of magical power
Wands
 l - a wand of confusion (2/48)
 r - a wand of enslavement (21/24)
 t - a wand of iceblast (4/15)
 x - a wand of random effects (0/48)
 B - a wand of acid (9/15)
 D - a wand of polymorph (13/24)
 O - a wand of digging (14/24)
 R - a wand of iceblast (7/15)
 S - a wand of flame (26/48)
Scrolls
 f - 5 scrolls of enchant armour
 g - 4 scrolls of magic mapping
 p - 3 scrolls of fog
 w - a scroll of remove curse
 y - a scroll of immolation
 I - 3 scrolls of recharging
 P - a scroll of vulnerability
 Z - a scroll of teleportation
Potions
 e - 2 potions of cancellation
 i - a potion of brilliance
 j - 2 potions of heal wounds
 o - a potion of mutation
 u - 2 potions of magic
 v - a potion of berserk rage
 z - a potion of flight
 N - a potion of haste
Books
 Q - a book of Unlife

   Spells                             Type                      Level
   a - Recall                         Summoning/Translocation      3
   b - Animate Dead                   Necromancy                   4
   c - Control Undead                 Necromancy                   4
   d - Cigotuvi's Embrace             Necromancy                   5
   e - Death Channel                  Necromancy                   6
   f - Simulacrum                     Ice/Necromancy               6
   Trog disapproves of the use of such an item.
Miscellaneous
 G - a phantom mirror
 W - a box of beasts
 X - a lightning rod (4/4)
Comestibles
 h - 6 meat rations


   Skills:
 - Level 3.1 Fighting
 + Level 17.1 Axes
 - Level 12.1 Armour
 - Level 8.2 Dodging


You had 11 spell levels left.
You didn't know any spells.

Dungeon Overview and Level Annotations

Branches:
Dungeon (15/15)            Temple (1/1) D:6            Lair (0/6) D:10
    Orc (0/2) D:12         Vaults (0/5) D:14         Depths (0/5) D:15

Altars:
Ashenzari
Cheibriados
Dithmenos
Elyvilon
Fedhas
Gozag
Hepliaklqana
Kikubaaqudgha
Makhleb
Nemelex Xobeh
Okawaru
Qazlal
Ru
Sif Muna
Trog
Uskayaw
Vehumet
Xom
Yredelemnul
Zin
The Shining One
Lugonu

Shops:
D:5 *   D:6 (

Annotations:
D:3 Ymberto's ghost, amateur HuHu
D:12 exclusion: obsidian statue
D:13 exclusion: downstairs
D:14 Frances


Innate Abilities, Weirdness & Mutations

You are resistant to damage.
You can heal yourself by infusing magical energy.
You passively map a large area around you.
You do not regenerate.
Your flesh is cold resistant. (rC+)
You are somewhat resistant to further mutation.


Message History

The skeletal warrior is severely damaged.
The skeletal warrior barely misses you.
You are feeling hungry.
You hit the skeletal warrior.
The skeletal warrior is severely damaged.
The skeletal warrior completely misses you.
Your skin crawls.
You feel resistant to hostile enchantments.
You feel somewhat more hungry.
The skeletal warrior closely misses you.
You slash the skeletal warrior!
The skeletal warrior is almost destroyed.
The skeletal warrior completely misses you.
You slash the skeletal warrior!
The skeletal warrior explodes!
The fiery explosion engulfs you!
* * * LOW HITPOINT WARNING * * *
Trog accepts your kill.
You are engulfed in blazing flames.
You die...

##### ### ## ##
##.#.####.####.## * ,**
#.##......#....§@§.# ,
...#..#....#...§)§##
#....).....#...§##.# ,* *
#.................... **
* ##...................#
,, ##...................#
**, *
#..................... ,*
.#.................<...,,
, ......................
,


There were no monsters in sight!

Vanquished Creatures
  Gastronok (D:12)
  A vault guard (D:14)
  A centaur warrior (D:14)
  A hydra (D:14)
  3 two-headed ogres
  The ghost of vuolankoinen the Covert, a novice OpAs of Dithmenos (D:8)
  Sonja (D:15)
  Nergalle (D:10)
  4 unseen horrors
  A skeletal warrior (D:15)
  A manticore (D:14)
  A wolf spider zombie (D:13)
  An ugly thing (D:11)
  Joseph (D:9)
  A gargoyle (D:12)
  3 kobold demonologists (D:11)
  A hornet (D:14)
  Grinder (D:4)
  A troll (D:13)
  2 shadows
  4 hogs (D:9)
  Eustachio (D:5)
  A wyvern (D:14)
  Sigmund (D:4)
  6 yaks
  Grum (D:10)
  A human (D:9)
  A hungry ghost (D:13)
  A hell hound (D:13)
  4 orc warriors
  A sky beast (D:10)
  An ice beast (D:6)
  7 ogres
  2 phantoms
  2 centaurs
  An eye of draining (D:13)
  2 wolves (D:10)
  A crocodile (D:8)
  2 big kobolds
  5 bullfrogs
  A scorpion (D:9)
  A wyvern skeleton (D:13)
  5 killer bees (D:7)
  9 howler monkeys
  A centaur zombie (D:8)
  5 crimson imps
  A jelly (D:11)
  5 orc wizards
  3 bullfrog zombies
  12 orc priests
  2 bullfrog skeletons (D:10)
  3 hounds
  4 centaur skeletons
  Ijyb (D:5)
  6 worker ants
  An iguana (D:4)
  5 adders
  5 shadow imps
  An ooze (D:1)
  3 worms
  A dart slug (D:2)
  6 leopard geckos
  32 orcs
  4 giant cockroaches
  7 goblins
  9 hobgoblins
  6 jackals
  17 kobolds
  2 quokkas (D:8)
  5 bats
  4 frilled lizards
  A jackal skeleton (D:4)
  A leopard gecko skeleton (D:4)
  6 rats
248 creatures vanquished.

Vanquished Creatures (collateral kills)
  A minotaur (Lab)
1 creature vanquished.

Vanquished Creatures (others)
  Erolcha (D:12)
1 creature vanquished.

Grand Total: 250 creatures vanquished

Notes
Turn   | Place    | Note
-------+----------+-------------------------------------------
     0 | D:1      | Irenicus the Deep Dwarf Berserker began the quest for the Orb.
     0 | D:1      | Reached XP level 1. HP: 20/20 MP: 1/1
   191 | D:1      | Reached XP level 2. HP: 14/27 MP: 2/2
   209 | D:1      | Reached skill level 4 in Axes
   295 | D:2      | Reached XP level 3. HP: 9/33 MP: 3/3
   364 | D:1      | Reached ** piety under Trog
   506 | D:2      | Reached skill level 5 in Axes
   521 | D:2      | Found a hide-covered altar of Uskayaw.
   522 | D:2      | Found an iron altar of Okawaru.
   524 | D:2      | Found a burning altar of Makhleb.
   540 | D:2      | Found a white marble altar of Elyvilon.
   541 | D:2      | Found a shadowy altar of Dithmenos.
   561 | D:3      | Reached XP level 4. HP: 40/40 MP: 4/4
   573 | D:3      | Reached skill level 6 in Axes
   679 | D:3      | Reached XP level 5. HP: 20/46 MP: 5/5
   749 | D:3      | Noticed Ymberto's ghost (amateur HuHu)
   815 | D:4      | Noticed Sigmund
   825 | D:4      | Killed Sigmund
   825 | D:4      | Reached skill level 7 in Axes
   825 | D:4      | Reached XP level 6. HP: 55/55 MP: 6/6
   973 | D:4      | Reached skill level 8 in Axes
  1028 | D:4      | Reached XP level 7. HP: 61/61 MP: 7/7
  1160 | D:4      | Noticed Grinder
  1174 | D:4      | Killed Grinder
  1174 | D:4      | Reached skill level 9 in Axes
  1210 | D:4      | Got a scorched hand axe
  1211 | D:4      | Identified the +1 hand axe of Exquisite Death {drain, rF- Str+5 Int+2} (You found it on level 4 of the Dungeon)
  1336 | D:5      | Entered Level 5 of the Dungeon
  1357 | D:5      | Noticed Ijyb
  1371 | D:5      | Killed Ijyb
  1380 | D:5      | Noticed Eustachio
  1402 | D:5      | Killed Eustachio
  1402 | D:5      | Reached skill level 10 in Axes
  1466 | D:5      | Found Ohuitua's Assorted Antiques.
  1472 | D:5      | Bought a fizzy pink potion for 21 gold pieces
  1575 | D:6      | Found Netrax's Weapon Shop.
  1600 | D:6      | Reached XP level 8. HP: 52/68 MP: 8/8
  1625 | D:6      | Reached skill level 11 in Axes
  1678 | D:6      | Found a radiant altar of Vehumet.
  1678 | D:6      | Found a snail-covered altar of Cheibriados.
  1696 | D:6      | Found a staircase to the Ecumenical Temple.
  1707 | Temple   | Entered the Ecumenical Temple
  1902 | D:7      | Reached *** piety under Trog
  1902 | D:7      | Reached skill level 12 in Axes
  2156 | D:8      | Found a deep blue altar of Sif Muna.
  2166 | D:8      | Gained mutation: You passively map the area around you. [Deep Dwarf growth]
  2166 | D:8      | Reached XP level 9. HP: 11/74 MP: 9/9
  2273 | D:8      | Noticed vuolankoinen's ghost (novice OpAs)
  2294 | D:8      | Killed vuolankoinen's ghost
  2294 | D:8      | Reached skill level 13 in Axes
  2441 | D:9      | Reached skill level 14 in Axes
  2466 | D:9      | Noticed Joseph
  2503 | D:8      | Killed an unseen horror
  2711 | D:9      | Reached XP level 10. HP: 19/84 MP: 10/10
  2757 | D:9      | Killed Joseph
  2885 | D:9      | Noticed a two-headed ogre
  2897 | D:9      | Killed a two-headed ogre
  2930 | D:10     | Entered Level 10 of the Dungeon
  2936 | D:10     | Found a staircase to the Lair.
  2991 | D:10     | Reached skill level 10 in Armour
  3074 | D:10     | Noticed Grum
  3086 | D:10     | Killed Grum
  3115 | D:10     | Reached **** piety under Trog
  3132 | D:10     | Noticed Nergalle
  3162 | D:10     | Killed Nergalle
  3259 | D:10     | Noticed a two-headed ogre
  3270 | D:10     | Killed a two-headed ogre
  3270 | D:10     | Reached XP level 11. HP: 86/90 MP: 11/11
  3356 | D:11     | Noticed a cyan ugly thing
  3368 | D:11     | Killed a cyan ugly thing
  3511 | D:11     | Found a corrupted altar of Lugonu.
  3611 | D:11     | Reached skill level 5 in Dodging
  3615 | D:11     | Received a gift from Trog
  3625 | D:11     | Noticed an eight-headed hydra
  3648 | D:12     | Noticed Erolcha
  3662 | D:12     | Killed Erolcha
  3711 | D:12     | Noticed an obsidian statue
  3835 | D:12     | Killed an unseen horror
  3845 | D:12     | Found a staircase to the Orcish Mines.
  4053 | D:12     | Noticed Gastronok
  4075 | D:12     | Killed Gastronok
  4141 | D:13     | Noticed a five-headed hydra
  4175 | D:13     | Reached skill level 15 in Axes
  4257 | D:13     | Killed an unseen horror
  4257 | D:13     | Reached XP level 12. HP: 41/97 MP: 8/11
  4299 | D:14     | Noticed a vault guard
  4299 | D:14     | Noticed a vault guard
  4299 | D:14     | Noticed a vault guard
  4300 | D:14     | Found a gate to the Vaults.
  4300 | D:14     | Noticed a vault guard
  4300 | D:14     | Noticed a vault guard
  4300 | D:14     | Noticed a vault guard
  4301 | D:14     | Noticed a vault guard
  4301 | D:14     | Noticed a vault guard
  4330 | D:14     | Noticed a centaur warrior
  4333 | D:14     | Gained mutation: You have sharp toenails. [potion of mutation]
  4333 | D:14     | Gained mutation: You are resistant to hostile enchantments. (MR+) [potion of mutation]
  4340 | D:14     | Killed a centaur warrior
  4359 | D:14     | Reached skill level 16 in Axes
  4363 | D:14     | Noticed Frances
  4462 | D:14     | Got a steaming trident
  4464 | D:14     | Identified the +8 trident "Seigi" {flame, rN+ MR+ Str+3 SInv} (You found it on level 14 of the Dungeon)
  4483 | D:14     | Killed a vault guard
  4494 | D:14     | Noticed a six-headed hydra
  4513 | D:14     | Killed a six-headed hydra
  4537 | D:14     | Noticed a centaur warrior
  4584 | D:14     | Lost mutation: You are resistant to hostile enchantments. (MR+) [potion of mutation]
  4584 | D:14     | Lost mutation: You have sharp toenails. [potion of mutation]
  4584 | D:14     | Gained mutation: Your flesh is cold resistant. (rC+) [potion of mutation]
  4584 | D:14     | Gained mutation: You passively map a large area around you. [potion of mutation]
  4584 | D:14     | Gained mutation: You are somewhat resistant to further mutation. [potion of mutation]
  4613 | D:15     | Entered Level 15 of the Dungeon
  4614 | D:15     | Found a labyrinth entrance.
  4619 | D:15     | Noticed Sonja
  4623 | Lab      | Entered a labyrinth
  4736 | Lab      | Noticed a minotaur
  4746 | Lab      | Killed a minotaur
  4754 | Lab      | Got a flickering copper ring
  4755 | Lab      | Got an ebony battleaxe
  4755 | Lab      | Got an ancient ring mail
  4766 | Lab      | Identified the +3 ring mail of the Vestibule of Hell {rPois Dex+3} (You found it in a labyrinth)
  4766 | Lab      | Identified the +7 battleaxe "Muklini" {antimagic, +Fly MR++ Int+6} (You found it in a labyrinth)
  4772 | D:15     | Identified the ring of the Furies {rPois Dex+2} (You found it in a labyrinth)
  4783 | D:15     | Killed Sonja
  4852 | D:15     | Noticed a two-headed ogre
  4866 | D:15     | Killed a two-headed ogre
  4876 | D:15     | Reached skill level 17 in Axes
  4896 | D:15     | Engulfed by a cloud of flame

Skill      XL: |  1  2  3  4  5  6  7  8  9 10 11 12 |
---------------+-------------------------------------+-----
Axes           | 4 5 6 7 8 10 12 14 15 17 | 17.1
Fighting       | 3 |  3.1
Armour         | 6 11 12 | 12.1
Dodging        | 8 |  8.2

Action                   |  1- 3 |  4- 6 |  7- 9 | 10-12 || total
-------------------------+-------+-------+-------+-------++-------
Melee: Hand axe          |   107 |   114 |   332 |   361 ||   914
       Broad axe         |       |       |       |   148 ||   148
       Trident           |       |       |       |    32 ||    32
       Battleaxe         |       |       |       |    18 ||    18
Invok: Berserk           |     2 |     3 |     7 |    15 ||    27
       Trog's Hand       |     1 |     3 |     7 |    16 ||    27
       Brothers in Arms  |       |       |       |     1 ||     1
 Abil: Heal Wounds       |       |       |       |     2 ||     2
Evoke: Wand              |       |       |     5 |    14 ||    19
       Box of beasts     |       |       |       |     1 ||     1
  Use: Scroll            |       |       |    12 |    13 ||    25
       Potion            |       |       |     1 |    16 ||    17
 Stab: Betrayed ally     |       |       |       |     1 ||     1
       Sleeping          |       |       |       |     2 ||     2
       Invisible         |       |       |       |     2 ||     2
       Paralysed         |       |       |       |     2 ||     2
       Confused          |       |       |       |     1 ||     1
  Eat: Chunk             |       |     6 |     4 |     6 ||    16
       Bread ration      |       |       |     3 |     4 ||     7
       Meat ration       |       |       |     1 |       ||     1
       Royal jelly       |       |       |       |     4 ||     4
Armor: Animal skin       |    15 |       |       |       ||    15
       Ring mail         |     3 |    47 |    61 |     1 ||   112
       Skin              |       |       |     7 |    33 ||    40
       Plate armour      |       |       |    51 |    37 ||    88
       Quicksilver drago |       |       |       |   197 ||   197
Dodge: Dodged            |    70 |    46 |   106 |   329 ||   551
